 Dungeon Crawl Stone Soup version 0.27.1 (webtiles) character file.

Game seed: 17133196187611499074

331 sizableburger the Gusty (level 6, -4/40 (43) HPs)
             Began as a Palentonga Air Elementalist on Aug 23, 2021.
             Was a Priest of Ru.
             Shot with an arrow by a centaur (13 damage)
             ... on level 5 of the Dungeon.
             The game lasted 00:12:01 (5133 turns).

sizableburger the Gusty (PaAE)                      Turns: 5133, Time: 00:12:01

HP:   -4/40 (43)    AC:  7    Str: 11    XL:     6   Next: 26%
MP:   10/10         EV:  9    Int: 18    God:    Ru [***...]
Gold: 171           SH:  0    Dex: 10    Spells: 5/11 levels left

rFire    . . .     SeeInvis +   b - staff of conjuration
rCold    + . .     Faith    +   (shield unavailable)
rNeg     . . .     Spirit   .   a - +0 robe
rPois    .         Reflect  .   (no helmet)
rElec    .         Harm     .   h - +2 cloak
rCorr    .         Rampage  .   (no gloves)
Will     .....                  (no barding)
Stlth    +.........             m - amulet of faith
HPRegen  0.13/turn              (ring unavailable)
MPRegen  0.12/turn              c - ring of protection from cold

@: exhausted, drained
A: large, rugged brown scales 3, see invisible, deformed body, missing a hand,
roll 1, armoured tail
a: Rolling Charge, Renounce Religion, Draw Out Power


You were on level 5 of the Dungeon.
You worshipped Ru.
Ru was most pleased with you.
You visited 1 branch of the dungeon, and saw 5 of its levels.

You collected 171 gold pieces.

Inventory:

Hand Weapons
 q - a +0 flail
Armour
 a - a +0 robe (worn)
 h - a +2 cloak (worn)
Magical Staves
 b - a staff of conjuration (weapon)
Jewellery
 c - a ring of protection from cold (right hand)
 m - an amulet of faith (around neck)
Wands
 p - a wand of mindburst (20)
Scrolls
 e - 2 scrolls of vulnerability {unknown}
 f - a scroll of blinking
 j - a scroll of enchant armour {unknown}
 l - 3 scrolls of teleportation
 n - a scroll of identify
 o - a scroll of fog {unknown}
Potions
 d - a potion of attraction
 g - 2 potions of brilliance
 k - a potion of flight {unknown}


   Skills:
 - Level 2.0 Maces & Flails
 - Level 1.5 Dodging
 - Level 1.2 Stealth
 + Level 3.2 Spellcasting
 + Level 3.3 Conjurations
 + Level 3.9 Air Magic


You had 5 spell levels left.
You knew the following spells:

 Your Spells              Type           Power      Damage    Failure   Level
a - Shock                 Conj/Air       92%        1d8       3%          1
b - Static Discharge      Conj/Air       23%        N/A       5%          2
c - Swiftness             Air            17%        N/A       10%         3

Your spell library contained the following spells:

 Spells                   Type           Power      Damage    Failure   Level
 Airstrike                Air            8%         N/A       32%         4
 Gell's Gravitas          Tloc           1%         N/A       43%         3
 Lesser Beckoning         Tloc           1%         N/A       43%         3
 Portal Projectile        Hex/Tloc       4%         N/A       43%         3
 Teleport Other           Tloc           2%         N/A       43%         3
 Blade Hands              Tmut           1%         N/A       99%         5
 Excruciating Wounds      Necr           1%         N/A       99%         5


Dungeon Overview and Level Annotations

Branches:
Dungeon (5/15)
 Temple: D:4-7

Altars:
Fedhas
Ru

Shops:
D:1 ?**(!   D:3 *


Innate Abilities, Weirdness & Mutations

You are completely covered in rugged brown scales. (AC +3, +7% HP)
You have supernaturally acute eyesight. (SInv)
Armour fits poorly on your strangely shaped body.
You are missing a hand.
You can roll at nearby foes to attack.
You have a long armoured tail.


Message History

The gnoll shouts! x2
A centaur comes into view.
The centaur hits the bush but does no damage.
The centaur kicks the bush but does no damage.
The centaur shouts!
The centaur hits the bush but does no damage.
The centaur completely misses the bush.
You closely miss the gnoll.
The centaur wields a +0 shortbow.
The centaur shoots an arrow.
The arrow hits you.
You focus your inner power and illuminate the centaur in retribution!
The gnoll hits you with a +0 whip.
The gnoll hits you from afar with a +0 spear.
The centaur shoots an arrow.
The arrow hits you!
You hit the gnoll but do no damage. You tail-slap the gnoll!
The gnoll is heavily wounded.
The gnoll hits you but does no damage.
The centaur is stunned by your conviction and fails to attack.
You hit the gnoll.
The gnoll is almost dead.
The centaur stops glowing.
The gnoll hits you but does no damage. x2
The centaur shoots an arrow.
The arrow hits you. The gnoll hits you with a +0 whip.
The gnoll barely misses you.
You are too injured to fight recklessly!
You are too injured to fight recklessly!
You are too injured to fight recklessly!
You are restored by drawing out deep reserves of power within.
You feel drained.
The centaur unwields a +0 shortbow.
The centaur hits the bush but does no damage.
The centaur kicks the bush.
The gnoll barely misses you.
The centaur wields a +0 shortbow.
The centaur shoots an arrow.
The arrow hits you! The gnoll hits you but does no damage.
The centaur shoots an arrow.
The arrow hits you. The gnoll barely misses you.
The centaur shoots an arrow.
The arrow hits you!
The centaur shoots an arrow.
The arrow hits you!
* * * LOW HITPOINT WARNING * * *
You focus your inner power and illuminate the centaur in retribution!
The centaur shoots an arrow.
The arrow barely misses you.
There is a stone staircase leading up here.
The centaur shoots an arrow.
The arrow hits you!
You die...

########
#......#
#......#
#......#
#####......#
#..........#
#..........#
#.......gg@#
.#........#
.........†.#
.PP........#
PPP.......#
P_PP#.....#
P.PcP.......
P
P.P###.....
... #.<....


You could see a centaur (corona) and 2 gnolls.

Vanquished Creatures
  2 orc priests (D:3)
  4 hounds (D:4)
  An orc wizard (D:3)
  3 adders
  A worm (D:2)
  4 dart slugs
  7 orcs
  7 endoplasms
  A giant cockroach (D:1)
  9 goblins
  12 hobgoblins
  3 jackals (D:4)
  2 quokkas
  4 ball pythons
  10 bats
  2 frilled lizards (D:1)
  6 kobolds
  3 rats
81 creatures vanquished.

Notes
Turn   | Place    | Note
-------+----------+-------------------------------------------
     0 | D:1      | sizableburger the Palentonga Air Elementalist began the
                  | quest for the Orb.
     0 | D:1      | Reached XP level 1. HP: 13/13 MP: 3/3
   127 | D:1      | Reached skill level 1 in Conjurations
   324 | D:1      | Found Feynleli's Assorted Antiques.
   363 | D:1      | Found Olitopur's Weapon Emporium.
   505 | D:1      | Reached XP level 2. HP: 17/20 MP: 5/5
   599 | D:1      | Found Pozoen's Distillery.
   768 | D:1      | Found a faded altar of an unknown god.
   947 | D:1      | Found Dojusomal's General Store.
  1129 | D:1      | Reached skill level 1 in Maces & Flails
  1399 | D:1      | Found Luno's Magic Scroll Shop.
  1615 | D:2      | Reached XP level 3. HP: 25/25 MP: 6/6
  1623 | D:2      | Found a sacrificial altar of Ru.
  1629 | D:2      | Became a worshipper of Ru the Awakened
  2410 | D:2      | Learned a level 2 spell: Static Discharge
  3227 | D:3      | Reached XP level 4. HP: 32/32 MP: 3/7
  3277 | D:3      | Found Imihem's General Store.
  3308 | D:3      | Gained mutation: You are missing a hand. [Ru sacrifice]
  3308 | D:3      | Reached * piety under Ru
  3308 | D:3      | Reached ** piety under Ru
  3308 | D:3      | Reached *** piety under Ru
  3548 | D:3      | Reached XP level 5. HP: 25/37 MP: 2/8
  4238 | D:4      | Learned a level 3 spell: Swiftness
  4542 | D:4      | Reached XP level 6. HP: 17/43 MP: 4/10
  5119 | D:5      | Entered Level 5 of the Dungeon
  5123 | D:5      | Found a blossoming altar of Fedhas.
  5133 | D:5      | Shot with an arrow by a centaur

Illustrated notes

Levels and vault maps discovered:
D:1:      nicolae_arrival_somewhat_less_tricky_arrival, layout_loops_ring,
          shapermc_ecumenical_altar_notcrosses, serial_shops, shop,
          nicolae_shop_trees, nicolae_shop_behind_doors,
          nicolae_shop_waterfront, nicolae_shop_crystal, moated_statue
D:2:      layout_loops_ring, basic_altar, minmay_misc_feat_cross
D:3:      layout_loops_corners, serial_shops, nicolae_shop_waterfront
D:4:      layout_rooms
D:5:      minmay_diamond_boxcup, layout_basic, fedhas_bush_and_centaur_altar,
          grunt_temple_overflow_open, minmay_temple_entry_ruins

Skill      XL: |  1  2  3  4  5 |
---------------+----------------+-----
Conjurations   | 1 2 3 |  3.3
Maces & Flails | 1 2 |  2.0
Air Magic      | 3 |  3.9
Spellcasting   | 3 |  3.2
Dodging        | |  1.5
Stealth        | |  1.2

Action                   |  1- 3 |  4- 6 || total
-------------------------+-------+-------++-------
Melee: Club              |   102 |       ||   102
       Tailslap          |    11 |     7 ||    18
       Whip              |    15 |    52 ||    67
       Staff             |       |    45 ||    45
 Cast: Shock             |    29 |    23 ||    52
       Static Discharge  |       |     6 ||     6
Invok: Sacrifice a Hand  |       |     1 ||     1
       Draw Out Power    |       |     1 ||     1
 Abil: Rolling Charge    |     3 |       ||     3
  Use: Scroll            |     5 |     1 ||     6
 Stab: Sleeping          |     1 |     3 ||     4
       Invisible         |       |     1 ||     1
Armor: Robe              |    71 |    73 ||   144
Dodge: Dodged            |    71 |    66 ||   137
